 Dungeon Crawl Stone Soup version 0.26.1-11-gd32895ea62 (webtiles) character file.

Game seed: 9322379298259937896

645 dtburroughs the Chopper (level 7, 0/62 HPs)
             Began as a Minotaur Berserker on May 10, 2021.
             Was a Priest of Trog.
             Killed from afar by an electric eel (9 damage)
             ... with a bolt of electricity
             ... on level 5 of the Dungeon.
             The game lasted 00:08:15 (5123 turns).

dtburroughs the Chopper (Minotaur Berserker)        Turns: 5123, Time: 00:08:16

Health: 0/62       AC:  7    Str: 22    XL:     7   Next: 27%
Magic:  6/6        EV: 13    Int:  6    God:    Trog [***...]
Gold:   227        SH:  0    Dex:  9    Spells: 6/6 levels left

rFire    . . .     SeeInvis .   a - +0 hand axe
rCold    . . .     Faith    .   (no shield)
rNeg     . . .     Spirit   .   j - +0 ring mail
rPois    .         Reflect  .   (helmet restricted)
rElec    .         Harm     .   m - +0 cloak
rCorr    .         Rampage  .   (no gloves)
Will     .....                  (no boots)
Stlth    ..........             (no amulet)
HPRegen  0.20/turn              (no ring)
MPRegen  0.10/turn              (no ring)

@: no status effects
A: retaliatory headbutt, horns 2
a: Renounce Religion, Berserk, Trog's Hand


You were on level 5 of the Dungeon.
You worshipped Trog.
Trog was most pleased with you.
You visited 1 branch of the dungeon, and saw 5 of its levels.

You collected 227 gold pieces.

Inventory:

Hand Weapons
 a - a +0 hand axe (weapon)
 o - a +0 morningstar
Armour
 j - a +0 ring mail (worn)
 m - a +0 cloak (worn)
Jewellery
 p - an uncursed ring of poison resistance
 v - an uncursed ring of resist corrosion {unknown}
Wands
 x - a wand of polymorph (9)
 y - a wand of enslavement (5)
Scrolls
 c - 4 scrolls of remove curse {unknown}
 d - 5 scrolls of identify {unknown}
 f - a scroll of teleportation {unknown}
 i - 2 scrolls of amnesia {unknown}
 q - a scroll of immolation {unknown}
 r - 2 scrolls of magic mapping {unknown}
 t - a scroll of enchant weapon {unknown}
 w - a scroll of enchant armour {unknown}
Potions
 b - 3 potions of attraction {unknown}
 e - 2 potions of flight {unknown}
 g - a potion of cancellation {unknown}
 h - a potion of degeneration {unknown}
 k - 2 potions of lignification {unknown}
 l - a potion of haste {unknown}
 n - a potion of mutation {unknown}
 s - a potion of brilliance {unknown}
 u - a potion of curing {unknown}


   Skills:
 + Level 5.9 Fighting
 + Level 6.0 Axes
 + Level 5.2 Armour
 + Level 4.8 Dodging


You had 6 spell levels left.
You didn't know any spells.
Your spell library was empty.

Dungeon Overview and Level Annotations

Branches:
Dungeon (5/15)
 Temple: D:4-7

Altars:
Fedhas
Qazlal
Uskayaw
The Shining One


Innate Abilities, Weirdness & Mutations

You reflexively headbutt those who attack you in melee.
You have a pair of horns on your head.


Message History

You hit the electric eel. You headbutt the electric eel!
The electric eel is almost dead.
A nearby plant withers and dies.
The electric eel shoots out a bolt of lightning at you!
The bolt of electricity hits the electric eel.
The electric eel completely resists.
The bolt of electricity hits you!
You closely miss the electric eel. You headbutt the electric eel.
You kill the electric eel!
Trog accepts your kill.
You hear a splash.
Your Axes skill increases to level 6!
The electric eel shoots out a bolt of lightning at you!
The bolt of electricity hits you!
The electric eel shoots out a bolt of lightning at you!
The bolt of electricity hits the plant!
The plant begins to die.
The bolt of electricity hits you!
* * * LOW HITPOINT WARNING * * *
The electric eel shoots out a bolt of lightning at you!
The bolt of electricity hits you!
You die...

#.....##......## ##.## #.#
#####.##.....## ##.# #.#
#.........## ##.## #.#
####.###...###.## ##.#
##.########.## #..# ##
#.###..≈≈≈##### #.## .##
###≈≈.####.##.# #.#
##..##...≈≈##'..##.#.# #.#
.###...#..#####.@...#.#.#####.#
.#.....## #.....#.#.......#
........# #PP...#≈#.#######
.#.##...#.....#.≈;†≈#≈#.#
........#≈≈.PP#..≈/!#≈###
##......#≈.P.?#≈;)≈≈#≈#
........#.?$≈(##≈≈≈##≈#
##.##...#≈≈.≈≈######≈##
#.##<#<##;;≈##≈≈...##


You could see 2 electric eels.

Vanquished Creatures
  A sky beast (D:3)
  Blork the orc (D:4)
  A water moccasin zombie (D:5)
  An electric eel (D:5)
  A bullfrog zombie (D:5)
  An orc priest (D:3)
  2 orc wizards (D:5)
  An iguana (D:5)
  Ijyb (D:5)
  2 worker ants (D:4)
  A hound zombie (D:5)
  A worker ant zombie (D:2)
  3 gnolls (D:3)
  3 adders
  An ooze (D:4)
  2 worms (D:2)
  3 dart slugs
  3 leopard geckos
  10 orcs
  5 bats
  5 giant cockroaches
  14 goblins
  8 hobgoblins
  4 jackals (D:2)
  A quokka (D:2)
  4 frilled lizards
  6 kobolds
  6 rats
92 creatures vanquished.

Vanquished Creatures (others)
  8 plants (D:5)
8 creatures vanquished.

Grand Total: 100 creatures vanquished

Notes
Turn   | Place    | Note
-------+----------+-------------------------------------------
     0 | D:1      | dtburroughs the Minotaur Berserker began the quest for the
                  | Orb.
     0 | D:1      | Reached XP level 1. HP: 19/19 MP: 0/0
   149 | D:1      | Reached XP level 2. HP: 27/27 MP: 1/1
   308 | D:1      | Reached skill level 4 in Axes
   643 | D:1      | Reached XP level 3. HP: 33/33 MP: 2/2
   752 | D:1      | Reached ** piety under Trog
  1242 | D:2      | Found a faded altar of an unknown god.
  1349 | D:2      | Found a hide-covered altar of Uskayaw.
  1700 | D:2      | Reached XP level 4. HP: 39/40 MP: 3/3
  2258 | D:3      | Reached *** piety under Trog
  2320 | D:3      | Reached XP level 5. HP: 39/47 MP: 4/4
  2581 | D:3      | Found a glowing golden altar of the Shining One.
  2882 | D:3      | Noticed a sky beast
  2897 | D:3      | Killed a sky beast
  2898 | D:3      | Reached skill level 5 in Fighting
  2898 | D:3      | Reached skill level 5 in Axes
  2898 | D:3      | Reached XP level 6. HP: 50/56 MP: 5/5
  3477 | D:4      | Found a blossoming altar of Fedhas.
  3731 | D:4      | Noticed Blork the orc
  3736 | D:4      | Killed Blork the orc
  4248 | D:5      | Entered Level 5 of the Dungeon
  4258 | D:5      | Noticed Ijyb
  4268 | D:5      | Killed Ijyb
  4925 | D:5      | Found a stormy altar of Qazlal.
  4926 | D:5      | Noticed a water elemental
  4927 | D:5      | Noticed a fire elemental
  4927 | D:5      | Noticed an air elemental
  5036 | D:5      | Reached skill level 5 in Armour
  5036 | D:5      | Reached XP level 7. HP: 59/62 MP: 6/6
  5122 | D:5      | Reached skill level 6 in Axes
  5123 | D:5      | Killed from afar by an electric eel

Illustrated notes

Levels and vault maps discovered:
D:1:      mrwooster_arrival_arrow, layout_basic
D:2:      layout_loops_ring, eat_drink_and_be_merry_uskayaw,
          nicolae_overflow_hidden_temple, chequers_ecumenical_altar_simple,
          uniq_natasha
D:3:      layout_rooms, serial_rivers, chequers_serial_rivers_micro_d,
          chequers_serial_rivers_large_b, chequers_serial_rivers_small_3,
          chequers_serial_rivers_micro_c, chequers_serial_rivers_micro_e,
          chequers_serial_rivers_small_3, tso_metal_star
D:4:      layout_cave_pods, minivault_25, fedhas_altar_1, uniq_blork_the_orc
D:5:      cheibrodos_two_vegetables, layout_loops_cross,
          nicolae_qazlal_style_of_elements, minmay_temple_entry_gardened_gates,
          uniq_crazy_yiuf_cottage, uniq_ijyb

Skill      XL: |  1  2  3  4  5  6  7 |
---------------+----------------------+-----
Axes           | 4 5 6 |  6.0
Fighting       | 4 5 |  5.9
Armour         | 3 4 5 |  5.2
Dodging        | 3 4 |  4.8

Action                   |  1- 3 |  4- 6 |  7- 9 || total
-------------------------+-------+-------+-------++-------
Melee: Hand axe          |    85 |   166 |    11 ||   262
       Headbutt          |    13 |    21 |     3 ||    37
Invok: Berserk           |       |     1 |       ||     1
Armor: Animal skin       |     9 |       |       ||     9
       Ring mail         |    23 |    59 |     5 ||    87
Dodge: Dodged            |    63 |    91 |     5 ||   159
